 Dungeon Crawl Stone Soup version 0.18-a0-1071-g9f02aef (webtiles) character file.

87 Arkorax the Ruffian (level 4, -2/45 HPs)
             Began as an Ogre Transmuter on Jan 14, 2016.
             Slain by an adder (3 damage)
             ... on level 2 of the Dungeon.
             The game lasted 00:02:50 (1517 turns).

Arkorax the Ruffian (Ogre Transmuter)               Turns: 1517, Time: 00:02:50

Health: -2/45      AC:  3    Str: 15    XL:     4   Next: 51%
Magic:  7/7        EV: 10    Int: 12    God:
Gold:   76         SH:  0    Dex: 11    Spells: 1 memorised, 6 levels left

rFire  + . .     SeeInvis .       - Unarmed
rCold  + . .     Gourm    +     b - +0 robe
rNeg   . . .     Faith    .     (no shield)
rPois  +         Spirit   .     (helmet restricted)
rElec  +         Dismiss  .     (no cloak)
rCorr  +         Reflect  .     (gloves unavailable)
SustAt .         Harm     .     (boots unavailable)
MR     .....                    i - amulet of the gourmand
Stlth  +.........               (no ring)
                                (no ring)

@: lethally poisoned (-2 -> -5), resistant, not resistant to hostile
enchantments, very unstealthy
A: unfitting armour, tough skin 1
a: no special abilities


You were on level 2 of the Dungeon.
You were not hungry.

You visited 1 branch of the dungeon, and saw 2 of its levels.

You collected 76 gold pieces.

Inventory:

Missiles
 a - 21 arrows
Armour
 b - a +0 robe (worn)
Jewellery
 i - an amulet of the gourmand (around neck)
Scrolls
 g - 2 scrolls of identify {unknown}
 h - a scroll of blinking {unknown}
 k - a scroll of immolation {unknown}
 l - a scroll of recharging {unknown}
 m - a scroll of amnesia {unknown}
 n - a scroll of teleportation {unknown}
 p - a scroll of noise {unknown}
Potions
 f - a potion of might {unknown}
 j - a potion of heal wounds {unknown}
 o - a potion of invisibility {unknown}
Books
 c - a book of Changes

   Spells                             Type                      Level
   a - Beastly Appendage              Transmutation                1
   b - Sticks to Snakes               Transmutation                2
   c - Spider Form                    Transmutation/Poison         3
   d - Ice Form                       Ice/Transmutation            4
   e - Blade Hands                    Transmutation                5
Comestibles
 d - 3 bread rations


   Skills:
 * Level 3.3 Fighting
 + Level 2.3 Dodging
 * Level 3.7 Unarmed Combat
 - Level 2.4 Spellcasting
 - Level 1.3 Transmutations


You had 6 spell levels left.
You knew the following spells:

 Your Spells              Type           Power        Failure   Level  Hunger
a - Beastly Appendage     Trmt           #.....       14%         1    ##.....


Dungeon Overview and Level Annotations

Branches:
Dungeon (2/15)

Altars:
Yredelemnul

Annotations:
D:2 1 runed door


Innate Abilities, Weirdness & Mutations

You are too large for most types of armour.
You have tough skin (AC +1).


Message History

You kill the adder!
You feel sick.
You barely miss the adder. Your headbutt misses the adder. The adder bites you.
* * * LOW HITPOINT WARNING * * *
The adder barely misses you.
You barely miss the adder.
Your horns disappear.
You feel sick. The adder barely misses you.
You barely miss the adder. The adder bites you.
* * * LOW HITPOINT WARNING * * *
You barely miss the adder. You punch the adder.
The adder is moderately wounded.
* * * LOW HITPOINT WARNING * * *
You feel sick. The adder bites you.
* * * LOW HITPOINT WARNING * * *
Drink which item? (? for menu, Esc to quit)
It was a potion of resistance.
You feel protected. The adder bites you.
You die...

## #. #. ##########.
.........'.
##########. # ######
#.......
#.<#####....###.......
#...S@.'....')'.......
#.######....###.......
###### ########


You could see an adder.

Vanquished Creatures
  4 adders
  A worm (D:2)
  4 giant geckos
  8 goblins
  8 hobgoblins
  4 kobolds
  3 bats
  6 giant newts
  A goblin skeleton (D:2)
  6 rats
45 creatures vanquished.

Notes
Turn   | Place    | Note
--------------------------------------------------------------
     0 | D:1      | Arkorax the Ogre Transmuter began the quest for the Orb.
     0 | D:1      | Reached XP level 1. HP: 19/19 MP: 3/3
   197 | D:1      | Reached XP level 2. HP: 23/28 MP: 5/5
   377 | D:1      | Reached skill level 3 in Unarmed Combat
   654 | D:1      | Reached XP level 3. HP: 29/36 MP: 6/6
  1106 | D:2      | Reached XP level 4. HP: 43/45 MP: 7/7
  1303 | D:2      | Found a runed door.
  1303 | D:2      | Noticed a human
  1309 | D:2      | Found a basalt altar of Yredelemnul.
  1516 | D:2      | HP: 1/45 [adder (3)]
  1517 | D:2      | Slain by an adder

Vault maps used:
D:1:      dpeg_arrival_tiny_c, hangedman_glass_teeth, lemuel_another_geyser
D:2:      lemuel_blue_sif_altar, first_bread, dk_yredelemnul_ordeal

Action                   |  1- 3 |  4- 6 || total
-------------------------+-------+-------++-------
Melee: Unarmed           |   143 |    68 ||   211
 Cast: Beastly Appendage |     4 |     1 ||     5
  Use: Potion            |       |     1 ||     1
 Stab: Sleeping          |       |     1 ||     1
  Eat: Chunk             |     5 |       ||     5
